 Dungeon Crawl Stone Soup version 0.29.1-12-g30fa7ad0bf (webtiles) character file.

Game seed: 14280634048208565563

258 mopl the Chopper (level 6, -12/48 HPs)
             Began as a Formicid Warper on Jan 5, 2023.
             Mangled by a wyvern (14 damage)
             ... on level 4 of the Dungeon.
             The game lasted 00:05:18 (4003 turns).

mopl the Chopper (Formicid Warper)                  Turns: 4003, Time: 00:05:19

Health: -12/48     AC:  6    Str: 17    XL:     6   Next: 40%
Magic:  9/9        EV: 11    Int: 13    God:
Gold:   203        SH:  0    Dex: 13    Spells: 9/9 levels left

rFire   . . .      SeeInvis +   a - +0 hand axe
rCold   . . .      Faith    .   (no shield)
rNeg    . . .      Spirit   .   g - +0 ring mail
rPois   .          Reflect  .   (helmet unavailable)
rElec   .          Harm     .   r - +0 cloak
rCorr   .          Rampage  .   (no gloves)
Will    .....                   (no boots)
Stlth   +.........              (no amulet)
HPRegen 0.16/turn               (no ring)
MPRegen 0.11/turn               (no ring)

@: brilliant, attractive, flying, invisible
A: permanent stasis, dig shafts and tunnels, antennae 3, four strong arms
a: Dig, Shaft Self


You were on level 4 of the Dungeon.
You visited 1 branch of the dungeon, and saw 4 of its levels.

You collected 203 gold pieces.

Inventory:

Hand Weapons
 a - a +0 hand axe (weapon)
Missiles
 c - 7 boomerangs of dispersal (quivered)
Armour
 g - a +0 ring mail (worn)
 r - a +0 cloak (worn)
Scrolls
 f - 2 scrolls of fog {unknown}
 l - a scroll of poison {unknown}
 m - 2 scrolls of magic mapping
 o - a scroll of torment {unknown}
 p - a scroll of vulnerability {unknown}
Potions
 d - a potion of mutation {!q}
 i - a potion of invisibility
 j - a potion of ambrosia
 k - a potion of brilliance
 q - a potion of degeneration {unknown}


   Skills:
 + Level 3.8 Fighting
 * Level 4.6 Axes
 - Level 1.0 Throwing
 + Level 3.2 Armour
 - Level 1.7 Dodging
 - Level 2.1 Spellcasting
 - Level 2.6 Translocations


You had 9 spell levels left.
You didn't know any spells.
Your spell library contained the following spells:

 Spells                   Type           Power      Damage    Failure   Level
 Gell's Gravitas          Tloc           12%        N/A       41%         3
 Lesser Beckoning         Tloc           12%        N/A       41%         3
 Teleport Other           Tloc           12%        N/A       41%         3
 Manifold Assault         Tloc           12%        N/A       99%         5
 Dispersal                Tloc           6%         N/A       100%        6
 Blink                    Tloc           Unusable   N/A       N/A         2

Dungeon Overview and Level Annotations

Branches:
Dungeon (4/15)
 Temple: D:4-7

Altars:
Dithmenos
Gozag
Kikubaaqudgha

Annotations:
D:4 bb ogres


Innate Abilities, Weirdness & Mutations

You cannot be hasted, slowed, berserked, paralysed or teleported.
You can dig through walls and to a lower floor.
You have a pair of large antennae on your head. (SInv)
Your four strong arms can wield two-handed weapons with a shield.


Message History

It was a potion of invisibility.
You fade into invisibility!
The wyvern bites you! x2
* * * LOW HITPOINT WARNING * * *
The dart slug launches a dart at you.
The slug dart hits the wyvern but does no damage.
It was a potion of brilliance.
You feel clever all of a sudden.
The wyvern bites you but does no damage.
You feel much better. The wyvern misses you.
The dart slug launches a dart at you.
The slug dart misses the wyvern.
The slug dart misses you. The wyvern closely misses you.
You aren't carrying any items that you can evoke.
Unknown command.
Okay, then.
You hit the wyvern.
The wyvern is moderately wounded.
The wyvern bites you!
* * * LOW HITPOINT WARNING * * *
You barely miss the wyvern.
The wyvern is moderately wounded.
The wyvern barely misses you. The wyvern closely misses you.
You catch the helpless wyvern completely off-guard!
You hit the wyvern but do no damage.
The wyvern is moderately wounded.
The wyvern barely misses you.
You hit the wyvern but do no damage.
The wyvern is moderately wounded.
The wyvern closely misses you. x2
It was a potion of flight.
You feel very buoyant.
You fly up into the air.
The wyvern bites you!
* * * LOW HITPOINT WARNING * * *
A jackal comes into view.
The wyvern barely misses you.
It was a potion of attraction.
You feel attractive to monsters. The wyvern bites you!
You die...

#....##.# #.# #....#.. #
#.# #...{#.##.# #.#
####....#..#.# #.######
............{# #......#
##......##.#####.####.#
#...............#<†..#
....###.#.h...#########.
###. .........wl@.......
#####.#.....##########
#.#.....# #.#.....#
..##.#### ## #.# #.


You could see a wyvern (unable to see you), a dart slug (unable to see you) and
a jackal (wandering, unable to see you).

Vanquished Creatures
  A phantom (D:4)
  A hound (D:4)
  An iguana (D:4)
  3 adders
  A worm (D:2)
  9 dart slugs
  6 bats
  7 endoplasms
  A giant cockroach (D:1)
  9 hobgoblins
  7 jackals
  3 quokkas
  4 ball pythons
  6 frilled lizards
  8 goblins
  6 kobolds
  5 rats
78 creatures vanquished.

Notes
Turn   | Place    | Note
-------+----------+-------------------------------------------
     0 | D:1      | mopl the Formicid Warper began the quest for the Orb.
     0 | D:1      | Reached XP level 1. HP: 16/16 MP: 3/3
    36 | D:1      | Reached XP level 2. HP: 15/23 MP: 5/5
   758 | D:1      | Reached XP level 3. HP: 11/28 MP: 6/6
  1079 | D:1      | Reached skill level 3 in Axes
  1546 | D:1      | Reached skill level 2 in Armour
  1667 | D:2      | Reached XP level 4. HP: 34/34 MP: 7/7
  1691 | D:2      | Found a faded altar of an unknown god.
  1785 | D:2      | Found an ancient bone altar of Kikubaaqudgha.
  1911 | D:2      | Reached skill level 3 in Fighting
  2471 | D:3      | Reached XP level 5. HP: 35/41 MP: 8/8
  2928 | D:3      | Found an opulent altar of Gozag.
  2928 | D:3      | Found a shadowy altar of Dithmenos.
  3256 | D:4      | Reached skill level 4 in Axes
  3506 | D:4      | Noticed an ogre
  3787 | D:4      | Noticed a phantom
  3803 | D:4      | Killed a phantom
  3804 | D:4      | Reached skill level 3 in Armour
  3804 | D:4      | Reached XP level 6. HP: 30/48 MP: 9/9
  3912 | D:4      | Noticed an ogre
  3975 | D:4      | Noticed a wyvern
  3995 | D:4      | HP: 1/48 [wyvern (16)]
  4002 | D:4      | HP: 2/48 [wyvern (7)]
  4003 | D:4      | Mangled by a wyvern

Illustrated notes

Levels and vault maps discovered:
D:1:      psy_arrival_conway, layout_basic, serial_aquarium,
          aquarium_bridge_straight [aquarium_subvault_bridge,
          aquarium_subvault_window, aquarium_subvault_bridge,
          aquarium_subvault_wall], aquarium_bridge_square
          [aquarium_subvault_wall, aquarium_subvault_wall,
          aquarium_subvault_bridge, aquarium_subvault_bridge],
          aquarium_window_fake, aquarium_window_corridor_1,
          aquarium_window_fake, aquarium_view_2c, aquarium_view_2d,
          aquarium_balcony_1a
D:2:      layout_basic, dreamdust_ecumenical_altar_statues, basic_altar,
          minmay_tall_x
D:3:      kennysheep_slugbush, layout_loops_ring, gammafunk_temple_overflow_wave
D:4:      layout_basic, temple_hall, minmay_manual_monolith, uniq_blork_the_orc,
          uniq_duvessa, uniq_eustachio, uniq_grinder

Skill      XL: |  1  2  3  4  5 |
---------------+----------------+-----
Axes           | 3 4 |  4.6
Armour         | 2 3 |  3.2
Fighting       | 3 |  3.8
Throwing       | |  1.0
Dodging        | |  1.7
Spellcasting   | |  2.1
Translocations | |  2.6

Action                   |  1- 3 |  4- 6 || total
-------------------------+-------+-------++-------
Melee: Hand axe          |   132 |   175 ||   307
       Punch             |     1 |     6 ||     7
  Use: Scroll            |       |     5 ||     5
       Potion            |       |     5 ||     5
 Stab: Invisible         |       |     1 ||     1
Armor: Leather armour    |    26 |       ||    26
       Ring mail         |    17 |    58 ||    75
Dodge: Dodged            |    94 |   125 ||   219
